 Dungeon Crawl Stone Soup version 0.30-a0-457-g4b7bca3bfa (webtiles) character file.

Game seed: 13644149263161986512

1027 Ijustatesigmund the Firebug (level 8, -1/79 (87) HPs)
             Began as a Gnoll Fire Elementalist on Dec 13, 2022.
             Slain by a wight
             ... wielding a +0 great sword
              (6 damage)
             ... on level 8 of the Dungeon.
             The game lasted 00:11:03 (6334 turns).

Ijustatesigmund the Firebug (GnFE)                  Turns: 6334, Time: 00:11:04

HP:   -1/79 (87)    AC: 17    Str:  7 (9)  XL:     8   Next: 23%
MP:   17/17         EV:  0    Int: 14 (16) God:
Gold: 378           SH:  4    Dex: 11 (12) Spells: 16/19 levels left

rFire   . . .      SeeInvis .    z - +2 morningstar (drain)
rCold   + . .      Faith    .    p - +0 buckler
rNeg    . . .      Spirit   .    a - +1 plate armour {rC+}
rPois   .          Reflect  .    y - +1 helmet
rElec   .          Harm     .    m - +2 cloak
rCorr   .          Rampage  .    (no gloves)
Will    .....                    (no boots)
Stlth   ..........               (no amulet)
HPRegen 0.33/turn                (no ring)
MPRegen 0.15/turn                (no ring)

@: mighty, berserking, marked, flying, drained, very quick
A: fangs 1, strong nose, distributed training
a: no special abilities


You were on level 8 of the Dungeon.
You visited 1 branch of the dungeon, and saw 8 of its levels.

You collected 378 gold pieces.

Inventory:

Hand Weapons
 g - a +2 short sword of electrocution
 z - a +2 morningstar of draining (weapon)
Armour
 a - a +1 plate armour of cold resistance (worn)
 m - a +2 cloak (worn)
 p - a +0 buckler (worn)
 y - a +1 helmet (worn)
Wands
 n - a wand of polymorph (14)
 x - a wand of digging (5)
Scrolls
 h - a scroll of fog
 r - a scroll of torment
Potions
 b - 2 potions of magic
 d - a potion of brilliance
 e - 2 potions of berserk rage
 f - 2 potions of attraction
 i - a potion of ambrosia {unknown}
 j - 4 potions of curing
 k - a potion of flight
 o - 2 potions of degeneration
 v - a potion of resistance {unknown}
 A - a potion of lignification {unknown}
 B - a potion of cancellation {unknown}


   Skills:
 + Level 3.2 Fighting
 + Level 3.2 Short Blades
 + Level 3.2 Long Blades
 + Level 3.2 Axes
 + Level 3.2 Maces & Flails
 + Level 3.2 Polearms
 + Level 3.2 Staves
 + Level 3.2 Ranged Weapons
 + Level 3.2 Throwing
 + Level 3.2 Armour
 + Level 5.6 Dodging
 + Level 5.3 Stealth
 + Level 3.2 Shields
 + Level 3.2 Unarmed Combat
 + Level 6.0 Spellcasting
 + Level 3.4 Conjurations
 + Level 2.6 Hexes
 + Level 2.6 Summonings
 + Level 2.6 Necromancy
 + Level 2.6 Translocations
 + Level 2.6 Transmutations
 + Level 6.1 Fire Magic
 + Level 2.6 Ice Magic
 + Level 2.6 Air Magic
 + Level 2.6 Earth Magic
 + Level 2.6 Poison Magic
 + Level 3.5 Invocations
 + Level 3.2 Evocations


You had 16 spell levels left.
You knew the following spells:

 Your Spells              Type           Power      Damage    Failure   Level
a - Foxfire               Conj/Fire      68%        2x1d7     100%        1
b - Scorch                Fire           42%        2d7       100%        2

Your spell library contained the following spells:

 Spells                   Type           Power      Damage    Failure   Level
 Beastly Appendage        Tmut           22%        N/A       100%        1
 Cigotuvi's Dreadful Rot  Necr/Pois/Air  22%        N/A       100%        2
 Poisonous Vapours        Pois/Air       22%        N/A       100%        2
 Sublimation of Blood     Necr           11%        N/A       100%        2
 Wereblood                Tmut           11%        N/A       100%        2
 Inner Flame              Hex/Fire       16%        N/A       100%        3
 Kindle Blastsparks       Fire/Tloc/Air  28%        2d12      100%        3
 Mephitic Cloud           Conj/Pois/Air  12%        N/A       100%        3
 Spider Form              Tmut/Pois      11%        N/A       100%        3
 Flame Wave               Conj/Fire      17%        2d7       100%        4
 Petrify                  Tmut/Erth      11%        N/A       100%        4
 Fireball                 Conj/Fire      8%         3d6       100%        5
 Irradiate                Conj/Tmut      6%         3d13      100%        5
 Starburst                Conj/Fire      8%         6d4       100%        6
 Summon Hydra             Summ           5%         N/A       100%        7


Dungeon Overview and Level Annotations

Branches:
Dungeon (9/15)
 Temple: D:4-7         Lair: D:8-11         Orc: D:9-12

Altars:
Makhleb
Nemelex Xobeh
Uskayaw
Zin

Shops:
D:1 [

Annotations:
D:8 Erica


Innate Abilities, Weirdness & Mutations

You have very sharp teeth.
Your uncanny sense of smell can sniff out nearby items.
Your experience applies equally to all skills.


Message History

The water moccasin bites you but does no damage.
It was a potion of degeneration.
There was something very wrong with that liquid.
You feel weakened.
You feel dopey.
You feel clumsy.
The water moccasin bites you but does no damage.
The wight hits you with a +0 great sword!
It was a potion of might.
You feel very mighty all of a sudden. You block the water moccasin's attack.
You block the wight's attack.
An orc wizard comes into view. It is wielding a +0 dagger.
A red film seems to cover your vision as you go berserk!
You feel yourself moving faster!
You feel mighty!
The water moccasin bites you but does no damage. x2
The wight hits you with a +1 mace.
You feel drained.
The wight hits you with a +0 great sword!
* * * LOW HITPOINT WARNING * * *
You feel drained.
* * * LOW HITPOINT WARNING * * *
You barely miss the water moccasin. You bite the water moccasin.
The water moccasin is lightly wounded.
The water moccasin bites you but does no damage.
You thump the water moccasin!
The water moccasin is heavily wounded.
You block the wight's attack. The wight hits you with a +1 mace.
* * * LOW HITPOINT WARNING * * *
You feel drained.
* * * LOW HITPOINT WARNING * * *
An orc comes into view. It is wielding a +0 club.
The water moccasin bites you.
* * * LOW HITPOINT WARNING * * *
A killer bee comes into view.
You are too berserk!
You miss the water moccasin.
The water moccasin is heavily wounded.
The killer bee stings you but does no damage.
The water moccasin bites you.
* * * LOW HITPOINT WARNING * * *
The wight hits you but does no damage.
The wight hits you with a +0 great sword.
You die...

##.# ##.#
##...> #.#
#.# ####.
#o#### #.##
####..
#....#
#..####.....
∆ ##o..#
##...#...###
#...#
###.#.#.#
#.zz#
#.....#
#.zS#
#..z.##
#zz@# #...##
#.y.# #..##
#...# ##..
...y.# ..z ∆
##..### ....
##. ∆ ....
.. ......∆
#.. ∆


You could see a water moccasin, 2 killer bees, 5 wights, an orc wizard and an
orc.

Vanquished Creatures
  Sigmund (D:5)
  An ice beast (D:6)
  A centaur (D:6)
  A phantom (D:5)
  A bullfrog (D:8)
  A howler monkey (D:9)
  3 hounds
  2 orc priests
  A gnoll bouda (D:5)
  A jelly (D:4)
  Natasha (thrice) (D:2)
  An orc wizard (D:5)
  3 gnolls (D:5)
  6 adders
  An ufetubus (D:6)
  A worm (D:3)
  A dart slug (D:1)
  20 orcs
  9 ball pythons
  2 endoplasms
  6 giant cockroaches
  7 goblins
  9 hobgoblins
  4 quokkas
  7 bats
  A frilled lizard (D:1)
  7 kobolds
  3 rats
104 creatures vanquished.

Vanquished Creatures (others)
  315 foxfires
315 creatures vanquished.

Grand Total: 419 creatures vanquished

Notes
Turn   | Place    | Note
-------+----------+-------------------------------------------
     0 | D:1      | Ijustatesigmund the Gnoll Fire Elementalist began the quest
                  | for the Orb.
     0 | D:1      | Reached XP level 1. HP: 13/13 MP: 6/6
    99 | D:1      | Found a faded altar of an unknown god.
   281 | D:1      | Reached XP level 2. HP: 19/19 MP: 5/7
   350 | D:1      | Learned a level 2 spell: Scorch
   675 | D:1      | Found Gipaxy's Armour Boutique.
  1235 | D:2      | Noticed Natasha
  1240 | D:2      | Killed Natasha
  1241 | D:2      | Reached skill level 1 in Fighting
  1241 | D:2      | Reached skill level 1 in Short Blades
  1241 | D:2      | Reached skill level 1 in Long Blades
  1241 | D:2      | Reached skill level 1 in Axes
  1241 | D:2      | Reached skill level 1 in Maces & Flails
  1241 | D:2      | Reached skill level 1 in Polearms
  1241 | D:2      | Reached skill level 1 in Staves
  1241 | D:2      | Reached skill level 1 in Ranged Weapons
  1241 | D:2      | Reached skill level 1 in Throwing
  1241 | D:2      | Reached skill level 1 in Armour
  1241 | D:2      | Reached skill level 1 in Shields
  1241 | D:2      | Reached skill level 1 in Unarmed Combat
  1241 | D:2      | Reached skill level 5 in Spellcasting
  1241 | D:2      | Reached skill level 1 in Invocations
  1241 | D:2      | Reached skill level 1 in Evocations
  1241 | D:2      | Reached XP level 3. HP: 26/26 MP: 3/9
  1397 | D:2      | Noticed Natasha
  1403 | D:2      | Killed Natasha
  1404 | D:2      | Reached XP level 4. HP: 32/32 MP: 4/11
  1476 | D:2      | Noticed Natasha
  1482 | D:2      | Killed Natasha
  1483 | D:2      | Reached skill level 1 in Hexes
  1483 | D:2      | Reached skill level 1 in Summonings
  1483 | D:2      | Reached skill level 1 in Necromancy
  1483 | D:2      | Reached skill level 1 in Translocations
  1483 | D:2      | Reached skill level 1 in Transmutations
  1483 | D:2      | Reached skill level 1 in Ice Magic
  1483 | D:2      | Reached skill level 1 in Air Magic
  1483 | D:2      | Reached skill level 1 in Earth Magic
  1483 | D:2      | Reached skill level 1 in Poison Magic
  1905 | D:3      | Reached XP level 5. HP: 37/37 MP: 6/12
  2914 | D:4      | Reached XP level 6. HP: 44/44 MP: 11/13
  3175 | D:4      | Reached skill level 5 in Dodging
  3745 | D:5      | Entered Level 5 of the Dungeon
  3787 | D:5      | Noticed Sigmund
  3799 | D:5      | Killed Sigmund
  3800 | D:5      | Reached XP level 7. HP: 51/51 MP: 8/15
  4362 | D:5      | Reached skill level 5 in Stealth
  5339 | D:5      | Found a burning altar of Makhleb.
  5339 | D:5      | Found a hide-covered altar of Uskayaw.
  5579 | D:6      | Reached XP level 8. HP: 35/58 MP: 3/16
  5731 | D:6      | Found a sparkling altar of Nemelex Xobeh.
  5734 | D:6      | Found a glowing silver altar of Zin.
  5940 | D:6      | Noticed a yak
  5942 | D:6      | Noticed a yak
  5944 | D:6      | Noticed a yak
  5950 | D:6      | You fall into a shaft and drop 3 floors!
  6110 | D:8      | Noticed Erica
  6124 | D:9      | Noticed a yak
  6124 | D:9      | Noticed a yak
  6125 | D:9      | Noticed a yak
  6125 | D:9      | Noticed a yak
  6334 | D:8      | Slain by a wight

Illustrated notes

Levels and vault maps discovered:
D:1:      erik_arrival_blinker_ship, layout_basic, serial_shops,
          nicolae_diamond_shop, shapermc_ecumenical_altar_hornbeckon
D:2:      layout_basic, uniq_natasha
D:3:      layout_rooms, chequers_serial_rivers_room_b, minmay_pentangle
D:4:      layout_loops_ring
D:5:      layout_loops_corners, gammafunk_temple_overflow_wave,
          nrook_loot_triangle, uniq_sigmund
D:6:      layout_basic, chequers_temple_overflow_statue_of_worship,
          temple_fountains, st_stairs_7, nicolae_titane
D:8:      layout_rooms, minivault_27, minmay_crystal_water, uniq_erica
D:9:      layout_basic, lemuel_round_altar, serial_shops, shop, uniq_psyche,
          uniq_harold

Skill      XL: |  1  2  3  4  5  6  7  8 |
---------------+-------------------------+-----
Conjurations   | 2 3 |  3.4
Fighting       | 1 2 3 |  3.2
Short Blades   | 1 2 3 |  3.2
Long Blades    | 1 2 3 |  3.2
Axes           | 1 2 3 |  3.2
Maces & Flails | 1 2 3 |  3.2
Polearms       | 1 2 3 |  3.2
Staves         | 1 2 3 |  3.2
Ranged Weapons | 1 2 3 |  3.2
Throwing       | 1 2 3 |  3.2
Armour         | 1 2 3 |  3.2
Shields        | 1 2 3 |  3.2
Unarmed Combat | 1 2 3 |  3.2
Spellcasting   | 5 6 |  6.0
Invocations    | 1 2 3 |  3.5
Evocations     | 1 2 3 |  3.2
Hexes          | 1 2 |  2.6
Summonings     | 1 2 |  2.6
Necromancy     | 1 2 |  2.6
Translocations | 1 2 |  2.6
Transmutations | 1 2 |  2.6
Ice Magic      | 1 2 |  2.6
Air Magic      | 1 2 |  2.6
Earth Magic    | 1 2 |  2.6
Poison Magic   | 1 2 |  2.6
Dodging        | 5 |  5.6
Stealth        | 5 |  5.3
Fire Magic     | 6 |  6.1

Action                   |  1- 3 |  4- 6 |  7- 9 || total
-------------------------+-------+-------+-------++-------
Melee: Morningstar       |       |       |    40 ||    40
       Bite              |       |       |     5 ||     5
 Cast: Foxfire           |    31 |   110 |    50 ||   191
       Scorch            |     3 |     8 |    25 ||    36
  Use: Scroll            |       |     5 |    11 ||    16
       Potion            |       |     1 |     5 ||     6
Armor: Robe              |     3 |     9 |    19 ||    31
       Skin              |       |     1 |       ||     1
       Plate armour      |       |       |    33 ||    33
Dodge: Dodged            |     3 |    23 |    60 ||    86
Block: Buckler           |       |     9 |    25 ||    34

Table legend: (Time is in decaauts)
 A = Elapsed time spent in this place.
 B = Non-inter-level travel time spent in this place.
 C = Inter-level travel time spent in this place.
 D = Time resting spent in this place.
 E = Time spent auto-exploring this place.
 F = Levels seen in this place.
 G = Mean time per level.
                   A        B        C        D        E       F      G
               +--------+--------+--------+--------+--------+-----+--------+
         Total |   6358 |   6223 |    135 |    783 |   4557 |   8 |  794.8 |
       Dungeon |   6358 |   6223 |    135 |    783 |   4557 |   8 |  794.8 |
               +--------+--------+--------+--------+--------+-----+--------+

Top non-repeatable levels by time:
     D:5: 1685 daAuts
     D:1: 1010 daAuts
     D:4: 945 daAuts
     D:3: 926 daAuts
     D:2: 872 daAuts
     D:6: 529 daAuts
     D:8: 352 daAuts
     D:9: 35 daAuts
